 Dungeon Crawl Stone Soup version 0.29.1-2-gbd0b4ee654 (webtiles) character file.

Game seed: 15001308590309385634

128 mortz the Trooper (level 5, -2/33 HPs)
             Began as a Gargoyle Monk on Nov 3, 2022.
             Splashed by a jelly's acid (5 damage)
             ... on level 2 of the Dungeon.
             The game lasted 00:10:12 (2619 turns).

mortz the Trooper (Gargoyle Monk)                   Turns: 2619, Time: 00:10:12

Health: -2/33      AC: 10    Str: 14    XL:     5   Next: 12%
Magic:  5/5        EV: 10    Int: 11    God:
Gold:   96         SH:  0    Dex: 14    Spells: 4/4 levels left

rFire   . . .      SeeInvis .   a - +0 falchion
rCold   . . .      Faith    .   (no shield)
rNeg    + . .      Spirit   .   k - +0 scale mail
rPois   ∞          Reflect  .   (no helmet)
rElec   +          Harm     .   (no cloak)
rCorr   .          Rampage  .   (no gloves)
Will    .....                   (no boots)
Stlth   +.........              (no amulet)
HPRegen 0.11/turn               (no ring)
MPRegen 0.09/turn               (no ring)

@: no status effects
A: sickness immunity, AC +4, negative energy resistance 1, electricity
resistance, torment resistance 1, petrification resistance
a: no special abilities


You were on level 2 of the Dungeon.
You visited 1 branch of the dungeon, and saw 2 of its levels.

You collected 96 gold pieces.

Inventory:

Hand Weapons
 a - a +0 falchion (weapon)
 j - a +0 short sword of venom
 m - a +1 dagger of speed
Missiles
 g - 5 poisoned darts (quivered)
 l - 5 stones
Armour
 k - a +0 scale mail (worn)
Potions
 b - a potion of brilliance {unknown}
 c - a potion of ambrosia
 d - 2 potions of might {unknown}
 e - 2 potions of curing
 f - a potion of haste {unknown}
 h - a potion of mutation {unknown}


   Skills:
 + Level 4.0 Fighting
 + Level 3.8 Long Blades
 + Level 0.3 Throwing
 + Level 0.7 Armour
 + Level 3.1 Dodging
 + Level 2.5 Stealth


You had 4 spell levels left.
You didn't know any spells.
Your spell library contained the following spells:

 Spells                   Type           Power      Damage    Failure   Level
 Gell's Gravitas          Tloc           0%         N/A       99%         3
 Lesser Beckoning         Tloc           0%         N/A       99%         3
 Teleport Other           Tloc           0%         N/A       99%         3


Dungeon Overview and Level Annotations

Branches:
Dungeon (2/15) Zot: 9351

Altars:


Innate Abilities, Weirdness & Mutations

You are immune to sickness and miasma.
Your stone body is resilient. (AC +4)
You are immune to poison.
You resist negative energy. (rN+)
You are resistant to electric shocks. (rElec)
You are resistant to unholy torment.
You are immune to petrification.


Message History

You kill the endoplasm!
You hit the jelly but do no damage.
Your hands burn!
The jelly closely misses you.
You hit the jelly.
Your hands burn!
The jelly is moderately wounded.
The jelly barely misses you.
You hit the jelly.
Your hands burn!
The jelly is heavily wounded.
You hit the jelly.
Your hands burn!
The jelly is heavily wounded.
You hit the jelly but do no damage.
Your hands burn!
The jelly is heavily wounded.
You slash the jelly!
Your hands burn!
The jelly is almost dead.
You hit the jelly.
You kill the jelly!
Your Fighting skill increases to level 4!
You have reached level 5!
You hit the endoplasm.
The endoplasm is moderately wounded.
The jelly jiggles.
You hit the jelly. The acid corrodes you!
Your hands burn!
The jelly is moderately wounded.
The jelly attacks as you move away! The jelly closely misses you.
You see here a +0 club.
The jelly attacks as you move away! The jelly barely misses you.
There is an open door here.
The jelly attacks as you move away! The jelly misses you.
You are no longer corroded.
The jelly attacks as you move away! The jelly closely misses you.
The jelly attacks as you move away! The jelly closely misses you.
The jelly attacks as you move away! The jelly closely misses you.
The jelly attacks as you move away! The jelly completely misses you.
There is an open gate here.
The jelly attacks as you move away! The jelly hits you.
You are splashed with acid!
* * * LOW HITPOINT WARNING * * *
The jelly attacks as you move away!
You hit the jelly.
Your hands burn!
You die...

##.#.##.#.#####################'#
......#.#'## #...# #.......
##.#..#....# #...# #.....>.
##.#..#....#####...#######.......
##.#..#.................##.......
##.....................))'.......
##....#+#...............##.......
.............##.........##.......
.............##.@.......##.......
.#.###.......##..J......####'####
.....+........####J....## #.#...
.#.###...#....# ##'''## ###+#...
.#.......##+#.# ##J..## #.......
.#.....#....#.# ##.....###.......
.#.....####.#.# #.......##.......
............#.# #.......##.......
..............# #.......##.......


You could see a jelly and 2 endoplasms.

Vanquished Creatures
  2 jellies (D:2)
  An adder (D:2)
  2 dart slugs (D:1)
  5 ball pythons (D:1)
  10 endoplasms (D:2)
  A goblin (D:1)
  2 hobgoblins
  8 jackals
  3 quokkas
  4 bats
  A frilled lizard (D:1)
  9 kobolds
  A rat (D:1)
49 creatures vanquished.

Vanquished Creatures (others)
  2 fungi
  10 toadstools (D:2)
12 creatures vanquished.

Grand Total: 61 creatures vanquished

Notes
Turn   | Place    | Note
-------+----------+-------------------------------------------
     0 | D:1      | mortz the Gargoyle Monk began the quest for the Orb.
     0 | D:1      | Reached XP level 1. HP: 14/14 MP: 1/1
   272 | D:1      | Reached XP level 2. HP: 10/19 MP: 2/2
   410 | D:1      | Found a faded altar of an unknown god.
  1156 | D:1      | Reached XP level 3. HP: 23/23 MP: 3/3
  2372 | D:2      | Reached XP level 4. HP: 29/29 MP: 4/4
  2597 | D:2      | Reached skill level 4 in Fighting
  2597 | D:2      | Reached XP level 5. HP: 15/33 MP: 5/5
  2619 | D:2      | Splashed by a jelly's acid

Illustrated notes

Levels and vault maps discovered:
D:1:      elethiomel_arrival_maze, layout_basic,
          shapermc_ecumenical_altar_mp_ritualfount
D:2:      cheibrodos_fertilizer, layout_basic

Skill      XL: |  1  2  3  4 |
---------------+-------------+-----
Long Blades    | 3 |  3.8
Dodging        | 3 |  3.1
Fighting       | 4 |  4.0
Throwing       | |  0.3
Armour         | |  0.7
Stealth        | |  2.5

Action                   |  1- 3 |  4- 6 || total
-------------------------+-------+-------++-------
Melee: Falchion          |   157 |    34 ||   191
       Punch             |     1 |       ||     1
Throw: Stone             |    16 |       ||    16
       Dart              |     2 |       ||     2
  Use: Scroll            |     2 |       ||     2
 Stab: Sleeping          |     3 |       ||     3
Armor: Robe              |    36 |       ||    36
       Scale mail        |    16 |    11 ||    27
       Leather armour    |     3 |       ||     3
Dodge: Dodged            |   106 |    14 ||   120
